 Dungeon Crawl Stone Soup version 0.32-a0-516-g94ed278cf8 (webtiles) character file.

Game seed: 2759892782728394037

17354 CrazyBamboolord the Fighter (level 12, -5/113 HPs)
             Began as a Minotaur Berserker on Feb 26, 2024.
             Was a High Priest of Trog.
             Slain by a death yak (20 damage)
             ... on level 2 of the Lair of Beasts on Feb 27, 2024.
             The game lasted 00:23:05 (12772 turns).

CrazyBamboolord the Fighter (Minotaur Berserker)   Turns: 12772, Time: 00:23:07

Health: -5/113     AC: 25    Str: 27    XL:     12   Next: 18%
Magic:  11/11      EV: 10    Int:  4    God:    Trog [*****.]
Gold:   667        SH:  5    Dex: 10    Spells: 11/11 levels left

rFire   + . .        y - +1 morningstar (protect)
rCold   . . .        z - +0 buckler
rNeg    . . .        q - +0 plate armour
rPois   .            (helmet restricted)
rElec   .            (no cloak)
rCorr   .            (no gloves)
SInv    .            E - +1 pair of boots
Will    +....        (no amulet) Stlth
                     H - ring of willpower
HPRegen 0.38/turn    G - ring of protection from fire
MPRegen 0.12/turn

%: no passive effects
@: under a protective aura, on berserk cooldown, slowed, very slow
A: horns 2, retaliatory headbutt
a: Renounce Religion, Berserk, Trog's Hand, Brothers in Arms


You were on level 2 of the Lair of Beasts.
You worshipped Trog.
Trog was extremely pleased with you.
You visited 2 branches of the dungeon, and saw 13 of its levels.
You also visited: Sewer.

You collected 667 gold pieces.

Inventory:

Hand Weapons
 y - a +1 morningstar of protection (weapon)
Missiles
 j - 4 darts of dispersal (quivered)
Armour
 q - a +0 plate armour (worn)
 z - a +0 buckler (worn)
 E - a +1 pair of boots (worn)
Jewellery
 n - an amulet of faith
 C - a ring of magical power
 G - a ring of protection from fire (right hand)
 H - a ring of willpower (left hand)
Wands
 c - a wand of mindburst (6)
 k - a wand of polymorph (1)
 v - a wand of digging (1)
Scrolls
 d - a scroll of blinking
 f - a scroll of brand weapon
 l - 4 scrolls of fear
 m - 8 scrolls of teleportation
 o - a scroll of butterflies
 s - 3 scrolls of revelation
 u - a scroll of noise {unknown}
 w - a scroll of poison {unknown}
 x - 2 scrolls of enchant armour
 A - a scroll of vulnerability {unknown}
 B - 2 scrolls of fog
 D - 3 scrolls of immolation
Potions
 a - 4 potions of haste
 b - 2 potions of lignification
 e - 7 potions of heal wounds
 g - 5 potions of resistance
 i - 3 potions of might
 p - 11 potions of curing
 r - a potion of enlightenment {unknown}
 t - 2 potions of mutation {unknown}
 F - a potion of ambrosia {unknown}
 I - a potion of attraction {unknown}
Miscellaneous
 h - a box of beasts


   Skills:
 * Level 12.7 Fighting
 * Level 12.6 Maces & Flails
 * Level 12.3 Armour
 + Level 8.4 Dodging
 - Level 8.0 Shields


You had 11 spell levels left.
You didn't know any spells.
Your spell library was empty.

Dungeon Overview and Level Annotations

Branches:
Dungeon (11/15)            Temple (0/1) D:4            Lair (2/5) D:9
    Orc (0/2) D:11          Sewer (visited)
  Swamp: Lair:2-3    Shoals: Lair:2-3     Snake: Lair:2-3    Spider: Lair:2-3

Altars:
Ashenzari
Dithmenos
Elyvilon
Fedhas
Gozag
Hepliaklqana
Makhleb
Nemelex Xobeh
Okawaru
Qazlal
Ru
Sif Muna
Trog
Wu Jian
Xom
Yredelemnul

Portals:
Trove: D:11 (give +5 demon trident)

Annotations:
D:9 3 runed translucent doors, Drift2Die's ghost, journeyman DjCj
Lair:1 2 transporters, Zigma's ghost, journeyman DrMo
Lair:2 exclusion: oklob plant


Innate Abilities, Weirdness & Mutations

You have a pair of horns on your head.
You reflexively headbutt those who attack you in melee.


Message History

You feel yourself slow down. The death yak gores you!
The death yak completely misses you. You furiously retaliate!
You headbutt the death yak. You block the death yak's attack.
The death yak gores you.
The death yak gores you but does no damage.
The death yak gores you.
The death yak attacks as it pursues you!
The death yak barely misses you. You block the death yak's attack.
The death yak gores you but does no damage.
You puncture the death yak!
Your weapon exudes an aura of protection.
The death yak is heavily wounded.
The death yak closely misses you. You furiously retaliate!
You headbutt the death yak! You block the death yak's attack.
The death yak gores you but does no damage.
You hit the death yak but do no damage. You headbutt the death yak.
The death yak is heavily wounded.
The death yak gores you but does no damage. x2
You puncture the death yak!
You headbutt the death yak, but do no damage.
The death yak is severely wounded.
The death yak gores you!
* * * LOW HITPOINT WARNING * * *
The death yak barely misses you. x2; The death yak completely misses you.
You furiously retaliate!
You headbutt the death yak! You impale the death yak!!
You headbutt the death yak.
The death yak is almost dead.
The death yak gores you.
* * * LOW HITPOINT WARNING * * *
The death yak barely misses you. You furiously retaliate!
You headbutt the death yak. The death yak closely misses you.
Unknown command.
You bludgeon the death yak!!
You kill the death yak!
Trog accepts your kill. The death yak gores you!
* * * LOW HITPOINT WARNING * * *
The death yak gores you!!
You die...

.#.........................
#...##.'#####.............
#...###..## #....#..#.##.
#...#.#.#.###.....##..#####
##...+............##....... ....
#P....#.....#.#.[.+.......#.....
#.....##.P#####....##...###...##
##...#.########.....#+.P#.#...P#
#......###†..##@...............#
##............Y.Y....÷÷.......P.
#.........###...###.............
.....[.....#
##...##....†.†......
...........# ##...#.............
..P........# ...##.......†.....
....#.###'.# ..###..#........##
#...###..'## .## ##..##.<....#
.. #.... #..........P#


You could see 2 death yaks.

Vanquished Creatures
  2 two-headed ogres
  4 death yaks (Lair:2)
  5 elephants (Lair:1)
  A black mamba (Lair:1)
  2 cane toads
  A kobold demonologist (D:11)
  2 komodo dragons
  Jeremiah (D:7)
  2 rime drakes
  Psyche (D:10)
  A troll (D:5)
  8 blink frogs
  Sigmund (D:2)
  A wyvern (Lair:2)
  A basilisk (Lair:2)
  A vampire (D:11)
  2 wraiths (D:11)
  15 yaks
  A steam dragon (D:6)
  Grum (D:9)
  2 water moccasins
  2 ice beasts (D:7)
  A sky beast (D:7)
  6 orc warriors
  2 black bears
  A crocodile (Sewer)
  5 wolves
  5 centaurs
  A weeping skull (D:4)
  A phantom (D:6)
  3 kobold brigands
  14 bullfrogs
  4 scorpions
  A gnoll sergeant (D:9)
  5 wights (D:8)
  A crimson imp (D:4)
  9 orc priests
  4 hounds
  An iguana (D:4)
  A sleepcap (D:6)
  18 orc wizards
  Robin (D:1)
  8 gnolls
  11 adders
  2 ufetubi (D:7)
  A ribbon worm (D:2)
  4 dart slugs
  48 orcs
  14 endoplasms
  6 giant cockroaches
  14 goblins
  11 hobgoblins
  3 jackals (D:3)
  9 quokkas
  8 ball pythons
  6 bats
  2 frilled lizards
  15 kobolds
  6 rats
  A spectral kobold (D:8)
  A spectral orc (D:4)
311 creatures vanquished.

Notes
Turn   | Place    | Note
-------+----------+-------------------------------------------
     0 | D:1      | CrazyBamboolord the Minotaur Berserker began the quest for
                  | the Orb.
     0 | D:1      | Reached XP level 1. HP: 19/19 MP: 0/0
   465 | D:1      | Found a faded altar of an unknown god.
   547 | D:1      | Reached XP level 2. HP: 27/27 MP: 1/1
  1196 | D:2      | Noticed Robin
  1208 | D:1      | Killed Robin
  1209 | D:1      | Reached XP level 3. HP: 20/33 MP: 2/2
  1319 | D:2      | Noticed Sigmund
  1350 | D:2      | Killed Sigmund
  1351 | D:2      | Reached skill level 5 in Fighting
  1351 | D:2      | Reached skill level 5 in Maces & Flails
  1351 | D:2      | Reached XP level 4. HP: 25/42 MP: 3/3
  1351 | D:2      | Reached XP level 5. HP: 28/48 MP: 4/4
  2040 | D:3      | Reached ** piety under Trog
  2317 | D:3      | Reached XP level 6. HP: 47/56 MP: 5/5
  2724 | D:4      | Found a glowing drain.
  2747 | Sewer    | Entered a sewer
  2913 | Sewer    | Reached skill level 5 in Armour
  3238 | Sewer    | Reached XP level 7. HP: 48/63 MP: 6/6
  3579 | D:4      | Found a shimmering altar of Xom.
  3584 | D:4      | Found a burning altar of Makhleb.
  3636 | D:4      | Upgraded the game from 0.32-a0-481-g9ce6b883f8 to
                  | 0.32-a0-516-g94ed278cf8
  3857 | D:4      | Reached *** piety under Trog
  3971 | D:4      | Found a basalt altar of Yredelemnul.
  4047 | D:4      | Found a staircase to the Ecumenical Temple.
  4381 | D:5      | Entered Level 5 of the Dungeon
  4410 | D:5      | Noticed a troll
  4420 | D:5      | Killed a troll
  4421 | D:5      | Reached XP level 8. HP: 28/73 MP: 7/7
  5219 | D:6      | Found a blossoming altar of Fedhas.
  5220 | D:6      | Found a broken altar of Ashenzari.
  5221 | D:6      | Found a bloodstained altar of Trog.
  5259 | D:6      | Reached skill level 5 in Dodging
  5337 | D:6      | Found an opulent altar of Gozag.
  5592 | D:6      | Reached skill level 1 in Shields
  5809 | D:6      | Reached **** piety under Trog
  5932 | D:7      | Noticed Jeremiah
  5945 | D:7      | Killed Jeremiah
  5946 | D:7      | Reached XP level 9. HP: 82/82 MP: 8/8
  6409 | D:7      | Found a stormy altar of Qazlal.
  6552 | D:7      | Found an iron altar of Okawaru.
  7194 | D:8      | Found a white marble altar of Elyvilon.
  7507 | D:8      | Found a hazy altar of Hepliaklqana.
  7814 | D:9      | Noticed Grum
  7830 | D:9      | Killed Grum
  7989 | D:9      | Found a shadowy altar of Dithmenos.
  8041 | D:9      | Reached skill level 5 in Shields
  8045 | D:9      | Reached XP level 10. HP: 73/91 MP: 9/9
  8096 | D:9      | Found a runed translucent gate.
  8096 | D:9      | Found a runed translucent gate.
  8096 | D:9      | Found a runed translucent gate.
  8099 | D:9      | Noticed a spectral centaur warrior
  8099 | D:9      | Noticed a spectral centaur warrior
  8101 | D:9      | Noticed Drift2Die's ghost (journeyman DjCj)
  8640 | D:9      | Found a sparkling altar of Nemelex Xobeh.
  8678 | D:9      | Found a shimmering blue altar of Sif Muna.
  8942 | D:9      | Found a staircase to the Lair.
  8947 | D:9      | Reached ***** piety under Trog
  9013 | D:9      | Found a sacrificial altar of Ru.
  9146 | D:10     | Entered Level 10 of the Dungeon
  9156 | D:10     | Reached skill level 10 in Fighting
  9156 | D:10     | Reached skill level 10 in Maces & Flails
  9282 | D:10     | Noticed a two-headed ogre
  9291 | D:10     | Killed a two-headed ogre
  9450 | D:10     | Noticed Psyche
  9457 | D:10     | Killed Psyche
  9479 | D:10     | Found an ornate altar of the Wu Jian Council.
  9503 | D:10     | Identified the +11 war axe of Dyvask {freeze, rCorr}
  9787 | D:10     | Reached skill level 10 in Armour
  9936 | D:11     | Found a staircase to the Orcish Mines.
  9968 | D:11     | Found a portal to a secret trove of treasure.
 10486 | D:11     | Noticed an orange demon
 10496 | D:11     | Reached XP level 11. HP: 67/101 MP: 10/10
 10785 | D:11     | Noticed a two-headed ogre
 10794 | D:11     | Killed a two-headed ogre
 11029 | D:11     | Received a gift from Trog
 11432 | Lair:1   | Entered Level 1 of the Lair of Beasts
 12087 | Lair:1   | Found a transporter.
 12099 | Lair:1   | Noticed a seven-headed hydra
 12107 | Lair:1   | Found a transporter.
 12108 | Lair:1   | Noticed Zigma's ghost (journeyman DrMo)
 12488 | Lair:2   | Reached XP level 12. HP: 68/113 MP: 11/11
 12733 | Lair:2   | Noticed a death yak
 12733 | Lair:2   | Noticed a death yak
 12733 | Lair:2   | Noticed a death yak
 12733 | Lair:2   | Noticed a death yak
 12733 | Lair:2   | Noticed a death yak
 12733 | Lair:2   | Noticed a death yak
 12745 | Lair:2   | Killed a death yak
 12751 | Lair:2   | Killed a death yak
 12759 | Lair:2   | Killed a death yak
 12772 | Lair:2   | Killed a death yak
 12772 | Lair:2   | Slain by a death yak

Illustrated notes

Levels and vault maps discovered:
D:1:      minmay_arrival_shattered_statue, layout_basic, basic_ecumenical_altar,
          minmay_misc_feat_rows, minmay_misc_feat_ornament
D:2:      layout_basic, hangedman_abyss_or_decor_lesser_grid, uniq_sigmund,
          uniq_robin
D:3:      layout_loops_ring
D:4:      minmay_razor_zed, layout_basic,
          grunt_temple_overflow_champion_of_chaos,
          yredelemnul_forgotten_temple_becter,
          minmay_temple_entry_drinking_statues, gup_sewer_entry_pipe
D:5:      layout_cave_pools, item_on_display_a
D:6:      layout_basic, grunt_gozag_breadcrumbs,
          chequers_temple_overflow_statue_of_worship, chequers_decorated_corner
D:7:      layout_rooms, old_standard_altar, okawaru_altar_gauntlet_db,
          minivault_11, uniq_jeremiah
D:8:      layout_loops_corners, elyvilon_altar_5,
          nicolae_hepliaklqana_monster_ancestors, serial_park_tiny_pond,
          columned_hall_lemuel
D:9:      layout_long_grid, mainiacjoe_overflow_alcove_2,
          hellmonk_sif_muna_bookshelves, lemuel_tele_altar,
          mainiacjoe_overflow_tiny_flanked, grunt_lair_entry_orc_guard_hut,
          gammafunk_ghost_necromancy, uniq_grum
D:10:     layout_gridville, mainiacjoe_overflow_small_starburst, uniq_psyche
D:11:     layout_stronghold, david_orc_2, nicolae_trove_entry_free_sample
Lair:1:   layout_misc_corridors, nzn_ghost_randoct
Lair:2:   layout_regular_city, skrybe_swamp_entry_bodies,
          nicolae_snake_entry_squirm, basic_altar, kilobyte_rumbling_trees,
          grunt_megastairs_1

Skill      XL: |  1  2  3  4  5  6  7  8  9 10 11 12 |
---------------+-------------------------------------+-----
Maces & Flails | 4 5 6 7 8 9 10 12 | 12.6
Fighting       | 4 5 6 7 8 9 10 12 | 12.7
Armour         | 3 4 5 6 7 9 10 11 12 | 12.3
Dodging        | 3 4 5 6 7 8 |  8.4
Shields        | 2 5 7 8 |  8.0

Action                     |  1- 3 |  4- 6 |  7- 9 | 10-12 || total
---------------------------+-------+-------+-------+-------++-------
  Melee: Mace              |    48 |   144 |    73 |       ||   265
         Headbutt          |     6 |    13 |    63 |    85 ||   167
         Unarmed           |     9 |    16 |       |       ||    25
         Flail             |       |       |    26 |       ||    26
         Morningstar       |       |       |   233 |   421 ||   654
 Invoke: Berserk           |     3 |     2 |     4 |     6 ||    15
  Evoke: Wand              |       |     4 |       |     1 ||     5
    Use: Scroll            |       |     5 |     1 |    13 ||    19
 Armour: Animal skin       |     4 |       |       |       ||     4
         Scale mail        |    44 |    33 |       |       ||    77
         Leather armour    |     3 |       |       |       ||     3
         Skin              |     5 |     5 |       |       ||    10
         Plate armour      |       |    57 |   361 |   470 ||   888
  Dodge: Dodged            |    46 |    78 |   159 |   164 ||   447
         Repelled          |       |       |     3 |     2 ||     5
  Block: Buckler           |       |       |    35 |   134 ||   169

Table legend: (Time is in decaauts)
 A = Elapsed time spent in this place.
 B = Non-inter-level travel time spent in this place.
 C = Inter-level travel time spent in this place.
 D = Time resting spent in this place.
 E = Time spent auto-exploring this place.
 F = Levels seen in this place.
 G = Mean time per level.
                   A        B        C        D        E       F      G
               +--------+--------+--------+--------+--------+-----+--------+
         Total |  13032 |  12524 |    508 |   1193 |   9006 |  14 |  930.9 |
       Dungeon |  11044 |  10561 |    483 |    809 |   7997 |  11 | 1004.0 |
          Lair |   1321 |   1297 |     24 |    247 |    741 |   2 |  660.5 |
         Sewer |    665 |    665 |      0 |    137 |    267 |   1 |  665.0 |
               +--------+--------+--------+--------+--------+-----+--------+

Top non-repeatable levels by time:
    D:11: 1501 daAuts
     D:9: 1439 daAuts
     D:4: 1363 daAuts
     D:1: 1285 daAuts
     D:8: 1051 daAuts
  Lair:1: 888 daAuts
     D:6: 834 daAuts
     D:7: 825 daAuts
    D:10: 792 daAuts
     D:2: 700 daAuts
     D:3: 700 daAuts
   Sewer: 665 daAuts
     D:5: 549 daAuts
  Lair:2: 432 daAuts
